 Dungeon Crawl Stone Soup version 0.24.0-123-gd5b16e6ec5 (webtiles) character file.

Game seed: 16876751704533939976, levelgen mode: deterministic

11 ChairmanCharles the Cudgeler (level 2, 0/26 HPs)
             Began as a Minotaur Berserker on Feb 13, 2020.
             Was a Follower of Trog.
             Succumbed to a kobold's poison
             ... on level 3 of the Dungeon.
             The game lasted 00:13:59 (776 turns).

ChairmanCharles the Cudgeler (Minotaur Berserker)    Turns: 776, Time: 00:14:00

Health: 0/26       AC:  6    Str: 21    XL:     2   Next: 13%
Magic:  1/1        EV: 10    Int:  4    God:    Trog [*.....]
Gold:   87         SH:  0    Dex:  9    Spells: 1/1 levels left

rFire    . . .     SeeInvis .   a - +0 mace
rCold    . . .     Gourm    .   (no shield)
rNeg     . . .     Faith    .   p - +0 scale mail
rPois    .         Spirit   .   (helmet restricted)
rElec    .         Reflect  .   (no cloak)
rCorr    .         Harm     .   (no gloves)
MR       .....                  (no boots)
Stlth    ..........             (no amulet)
HPRegen  0.08/turn              (no ring)
MPRegen  0.07/turn              (no ring)

@: lethally poisoned (0 -> -16), berserk cooldown, slowed, very slow
A: retaliatory headbutt, horns 2
a: Berserk, Renounce Religion


You were on level 3 of the Dungeon.
You worshipped Trog.
Trog was aware of your devotion.
You were not hungry.

You visited 1 branch of the dungeon, and saw 3 of its levels.

You collected 87 gold pieces.

Inventory:

Hand Weapons
 a - a +0 mace (weapon)
 i - a +0 mace
 m - a +0 whip
Missiles
 l - 86 stones (quivered)
 n - 42 arrows
Armour
 b - a +0 animal skin
 p - a +0 scale mail (worn)
Scrolls
 d - a scroll of remove curse {unknown}
 e - a scroll of enchant weapon {unknown}
 j - a scroll of blinking {unknown}
 o - a scroll of enchant armour {unknown}
Potions
 g - 2 potions of curing {unknown}
 h - a potion of mutation {unknown}
 k - a potion of heal wounds {unknown}
Comestibles
 c - 4 rations


   Skills:
 - Level 3.6 Fighting
 * Level 4.4 Maces & Flails
 - Level 2.4 Armour
 - Level 2.1 Dodging


You had one spell level left.
You didn't know any spells.
Your spell library was empty.

Dungeon Overview and Level Annotations

Branches:
Dungeon (3/15)

Altars:


Innate Abilities, Weirdness & Mutations

You reflexively headbutt those who attack you in melee.
You have a pair of horns on your head.


Message History

You hit the orc but do no damage.
The orc is moderately wounded.
* * * LOW HITPOINT WARNING * * *
You feel very sick. The kobold closely misses you.
The orc hits you but does no damage. The kobold misses you.
You furiously retaliate!
You headbutt the kobold!
You kill the kobold!
Trog accepts your kill. The orc barely misses you.
You hit the orc. You headbutt the orc.
You kill the orc!
Trog accepts your kill.
You have reached level 2!
* * * LOW HITPOINT WARNING * * *
You feel sick.
The jackal bites you but does no damage. x3
You hit the jackal.
You kill the jackal!
Trog accepts your kill.
You die...

############
...........#
#........#
########........#
#..@.((.((......#
#.))...#........#
#.....##........#
#......###########
...###### ###. #


There were no monsters in sight!

Vanquished Creatures
  An orc (D:3)
  2 hobgoblins (D:1)
  A jackal (D:3)
  2 bats (D:1)
  2 kobolds
  2 rats (D:1)
10 creatures vanquished.

Notes
Turn   | Place    | Note
-------+----------+-------------------------------------------
     0 | D:1      | ChairmanCharles the Minotaur Berserker began the quest for
                  | the Orb.
     0 | D:1      | Reached XP level 1. HP: 19/19 MP: 0/0
   264 | D:1      | Reached skill level 4 in Maces & Flails
   775 | D:3      | Reached XP level 2. HP: 3/26 MP: 1/1
   775 | D:3      | HP: 1/26 [poisoned by a kobold]
   776 | D:3      | Succumbed to a kobold's poison

Levels and vault maps discovered:
D:1:      sevenhm_arrival_forest_fort_large_2, layout_rooms, minmay_heptomino_h4
D:2:      layout_loops_ring, grunt_dithmenos_smoke,
          chequers_ecumenical_altar_island, first_ration
D:3:      cheibrodos_thug_alley, layout_rooms, nicolae_overflow_crystal_walls,
          st_stairs_4

Skill      XL: |  1 |
---------------+----+-----
Maces & Flails | 4 |  4.4
Fighting       | |  3.6
Armour         | |  2.4
Dodging        | |  2.1

Action                   || total
-------------------------++-------
Melee: Mace              ||    17
       Headbutt          ||     5
Throw: Stone             ||     2
Invok: Berserk           ||     1
Armor: Animal skin       ||     5
       Scale mail        ||     5
Dodge: Dodged            ||    17
